 Dungeon Crawl Stone Soup version 0.26-a0-1147-g3780a7a11b (webtiles) character file.

Game seed: 16653940845506460137

487 LufLufFighter the Changer (level 7, -1/54 HPs)
             Began as a Merfolk Transmuter on Dec 22, 2020.
             Killed by nerve-wracking pain
             ... invoked by Menkaure
              (5 damage)
             ... on level 4 of the Dungeon.
             The game lasted 00:05:42 (4900 turns).

LufLufFighter the Changer (Merfolk Transmuter)      Turns: 4900, Time: 00:05:43

Health: -1/54      AC:  2    Str: 14    XL:     7   Next: 13%
Magic:  12/12      EV: 21    Int: 13    God:
Gold:   194        SH:  0    Dex: 19    Spells: 3/13 levels left

rFire    . . .     SeeInvis .     - Unarmed
rCold    . . .     Faith    .   (shield currently unavailable)
rNeg     + . .     Spirit   .   (armour currently unavailable)
rPois    x         Reflect  .   (helmet currently unavailable)
rElec    .         Harm     .   (cloak currently unavailable)
rCorr    .         Rampage  .   (gloves currently unavailable)
Will     .....                  (boots currently unavailable)
Stlth    ++........             k - amulet of magic regeneration
HPRegen  0.18/turn              b - ring of positive energy
MPRegen  0.38/turn              (no ring)

@: spider-form
A: tiny, (change form in water), (swift swim), (stealthy swim), strong 1
a: End Transformation


You were on level 4 of the Dungeon.
You were a venomous arachnid creature.
You visited 1 branch of the dungeon, and saw 4 of its levels.

You collected 194 gold pieces.

Inventory:

Armour
 a - a +2 robe (melded)
 l - a +0 pair of boots (melded)
 o - a +0 pair of gloves (melded)
Jewellery
 b - a ring of positive energy (left front leg)
 e - an uncursed ring of resist corrosion {unknown}
 k - an amulet of magic regeneration (around neck)
Wands
 m - a wand of polymorph (2)
 p - a wand of flame (16)
Scrolls
 c - 4 scrolls of identify
 d - 2 scrolls of fog
 f - 3 scrolls of remove curse
 g - 2 scrolls of random uselessness
 h - a scroll of enchant weapon
 j - a scroll of teleportation
 n - a scroll of fear
Potions
 i - a potion of curing {unknown}


   Skills:
 * Level 4.0 Fighting
 - Level 2.6 Dodging
 - Level 3.2 Unarmed Combat
 * Level 3.7 Spellcasting
 * Level 5.4 Transmutations
 * Level 1.2 Ice Magic
 * Level 3.2 Poison Magic


You had 3 spell levels left.
You knew the following spells:

 Your Spells              Type           Power        Failure   Level
a - Beastly Appendage     Tmut           32%          9%          1
b - Wereblood             Tmut           16%          12%         2
c - Spider Form           Tmut/Pois      6%           26%         3
d - Ice Form              Ice/Tmut       11%          69%         4

Your spell library contained the following spells:

 Spells                   Type           Power        Failure   Level
 Blade Hands              Tmut           8%           75%         5


Dungeon Overview and Level Annotations

Branches:
Dungeon (4/15)
 Temple: D:4-7

Altars:
Elyvilon
Sif Muna
Xom

Annotations:
D:4 Menkaure


Innate Abilities, Weirdness & Mutations

((You revert to your normal form in water.))
((You are very nimble and swift while swimming.))
((You are very stealthy in the water. (Stealth+)))
((Your flesh is heat resistant. (rF+)))
Your muscles are strong. (Str +2)


Message History

The floor.
You hit Menkaure.
Menkaure is almost destroyed.
The giant cockroach closely misses you. Menkaure completely misses you.
The giant cockroach closely misses you.
You barely miss Menkaure.
Menkaure is almost destroyed.
Menkaure barely misses you. The giant cockroach misses you.
You hit Menkaure but do no damage.
Menkaure is almost destroyed.
Menkaure completely misses you.
The giant cockroach bites you but does no damage.
Menkaure hits you!!
* * * LOW HITPOINT WARNING * * *
You hit Menkaure but do no damage.
Menkaure is almost destroyed.
The giant cockroach completely misses you.
Menkaure points at you and mumbles some strange words.
Pain shoots through your body!
You die...

♣..♣.♣♣..♣.§§§§P≈≈≈)♣. ♣
♣.P.♣♣♣P.P.§.≈♣≈≈≈P♣
♣.♣....♣..)....♣≈♣.♣≈P
♣♣♣.P♣♣..♣♣P....≈≈≈.≈♣♣
♣..P...P♣P♣♣....♣≈≈≈≈≈≈
♣♣..♣♣..P..♣P....≈♣.≈≈♣
♣P ♣.♣♣♣...♣♣...≈.≈≈≈♣≈
♣..♣..P.P♣♣...≈≈≈≈P§
♣Bs.....♣P.P..♣≈≈≈.
♣P...M/..........≈♣≈♣.≈
..P............P♣...♣≈..
.P..P.......$.PP.
..P..........PP.♣
.P........P♣.♣♣P.
.P.P(.....♣P♣.P
.PP......PP..♣♣ ###.#


You could see Menkaure (fast) and a giant cockroach.

Vanquished Creatures
  Sigmund (D:4)
  An ogre (D:4)
  An orc priest (D:4)
  An orc wizard (D:4)
  Ijyb (D:4)
  3 worker ants (D:4)
  3 adders
  3 leopard geckos
  13 orcs
  A giant cockroach (D:1)
  4 goblins
  9 hobgoblins
  3 jackals (D:3)
  A quokka (D:2)
  A ball python (D:3)
  9 bats
  4 frilled lizards
  A jackal skeleton (D:4)
  7 kobolds
  7 rats
74 creatures vanquished.

Vanquished Creatures (others)
  3 plants (D:4)
3 creatures vanquished.

Grand Total: 77 creatures vanquished

Notes
Turn   | Place    | Note
-------+----------+-------------------------------------------
     0 | D:1      | LufLufFighter the Merfolk Transmuter began the quest for
                  | the Orb.
     0 | D:1      | Reached XP level 1. HP: 15/15 MP: 3/3
   169 | D:1      | You fall into a shaft and drop 1 floor!
   185 | D:2      | Reached skill level 3 in Transmutations
   185 | D:2      | Reached XP level 2. HP: 8/22 MP: 3/5
   746 | D:2      | Learned a level 2 spell: Wereblood
  1528 | D:1      | Reached XP level 3. HP: 27/27 MP: 4/6
  1532 | D:1      | Learned a level 3 spell: Spider Form
  2468 | D:2      | Found a shimmering altar of Xom.
  2505 | D:2      | Found a shimmering altar of Xom.
  2505 | D:2      | Found a shimmering blue altar of Sif Muna.
  2507 | D:2      | Found a burning altar of Makhleb.
  2507 | D:2      | Found a white marble altar of Elyvilon.
  2507 | D:2      | Found a bloodstained altar of Trog.
  2603 | D:3      | Reached skill level 1 in Poison Magic
  2714 | D:3      | Reached XP level 4. HP: 31/34 MP: 5/7
  2763 | D:3      | Gained mutation: Your muscles are strong. (Str +2) [potion
                  | of mutation]
  2763 | D:3      | Gained mutation: Your flesh is heat resistant. (rF+)
                  | [potion of mutation]
  3393 | D:3      | Reached skill level 4 in Transmutations
  4071 | D:4      | Reached XP level 5. HP: 40/40 MP: 6/9
  4329 | D:4      | Noticed Ijyb
  4364 | D:4      | Killed Ijyb
  4609 | D:4      | Reached XP level 6. HP: 46/47 MP: 10/10
  4661 | D:4      | Reached skill level 5 in Transmutations
  4818 | D:4      | Noticed Sigmund
  4826 | D:4      | Learned a level 4 spell: Ice Form
  4838 | D:4      | Killed Sigmund
  4839 | D:4      | Reached skill level 1 in Ice Magic
  4839 | D:4      | Reached XP level 7. HP: 46/54 MP: 12/12
  4887 | D:4      | Noticed Menkaure
  4900 | D:4      | Killed from afar by Menkaure

Illustrated notes

Levels and vault maps discovered:
D:1:      elethiomel_arrival_maze, layout_basic
D:2:      layout_basic, doesnt_xom_only_xom
D:3:      layout_basic, serial_glass, glass_columns_a, glass_columns_a,
          minmay_misc_feat_pillars, minmay_diced_spiral
D:4:      wad_woods_pond, layout_basic, portal_sewer_entry_d, moated_statue,
          kennysheep_doodads, uniq_sigmund, uniq_pikel, uniq_menkaure,
          uniq_crazy_yiuf_cottage, uniq_ijyb

Skill      XL: |  1  2  3  4  5  6 |
---------------+-------------------+-----
Transmutations | 3 4 5 |  5.4
Fighting       | 2 3 4 |  4.0
Poison Magic   | 1 2 3 |  3.2
Spellcasting   | 3 |  3.7
Ice Magic      | 1 |  1.2
Dodging        | |  2.6
Unarmed Combat | |  3.2

Action                   |  1- 3 |  4- 6 |  7- 9 || total
-------------------------+-------+-------+-------++-------
Melee: Unarmed           |   111 |   178 |    10 ||   299
       Headbutt          |    17 |    10 |       ||    27
 Cast: Beastly Appendage |    23 |    11 |       ||    34
       Spider Form       |     3 |     9 |     1 ||    13
  Use: Scroll            |       |     8 |       ||     8
       Potion            |       |     5 |       ||     5
 Stab: Sleeping          |     3 |       |       ||     3
Armor: Robe              |    20 |    31 |       ||    51
       Skin              |     1 |     1 |     1 ||     3
Dodge: Dodged            |    80 |   146 |    15 ||   241
Block: Other             |     1 |       |       ||     1

Table legend: (Time is in decaauts)
 A = Elapsed time spent in this place.
 B = Non-inter-level travel time spent in this place.
 C = Inter-level travel time spent in this place.
 D = Time resting spent in this place.
 E = Time spent auto-exploring this place.
 F = Levels seen in this place.
 G = Mean time per level.
                   A        B        C        D        E       F      G
               +--------+--------+--------+--------+--------+-----+--------+
         Total |   4878 |   4729 |    149 |    910 |   3111 |   4 | 1219.5 |
       Dungeon |   4878 |   4729 |    149 |    910 |   3111 |   4 | 1219.5 |
               +--------+--------+--------+--------+--------+-----+--------+

Top non-repeatable levels by time:
     D:2: 2050 daAuts
     D:3: 1058 daAuts
     D:1: 939 daAuts
     D:4: 831 daAuts
